Construct Section Command Post
Selects Canadian Shock Battlegroup
Selects Incendiary Munitions
Construct Field Infirmary
Construct Platoon Command Post
Unlock Bishop Self-propelled Artillery
Bishop Self-propelled Artillery
Bishop Self-propelled Artillery
6-pounder Anti-tank Gun Team
6-pounder Anti-tank Gun Team
Selects Canadian Shock Section
Construct Company Command Post
Selects Churchill Crocodile Heavy Tank
Churchill Crocodile Heavy Tank